 Dungeon Crawl Stone Soup version 0.28.0-53-g5a82cb258f (webtiles) character file.

Game seed: 16536079912844024235

24 Woods the Magician (level 2, -1/15 HPs)
             Began as a Deep Elf Air Elementalist on June 12, 2022.
             Succumbed to an adder's poison
             ... on level 2 of the Dungeon.
             The game lasted 00:02:50 (1612 turns).

Woods the Magician (Deep Elf Air Elementalist)      Turns: 1612, Time: 00:02:50

Health: -1/15      AC:  2    Str:  7    XL:     2   Next: 79%
Magic:  0/8        EV: 13    Int: 19    God:
Gold:   92         SH:  4    Dex: 15    Spells: 4/7 levels left

rFire   + . .      SeeInvis .   (no weapon)
rCold   . . .      Faith    .   (no shield)
rNeg    . . .      Spirit   .   a - +0 robe
rPois   .          Reflect  .   (no helmet)
rElec   .          Harm     .   (no cloak)
rCorr   .          Rampage  .   (no gloves)
Will    .....                   (no boots)
Stlth   ++........              (no amulet)
HPRegen 0.05/turn               (no ring)
MPRegen 0.11/turn               (no ring)

@: lethally poisoned (-1 -> -8)
A: large bone plates 1, deterioration 1, fire resistance 1, strong 1
a: no special abilities


You were on level 2 of the Dungeon.
You visited 1 branch of the dungeon, and saw 2 of its levels.

You collected 92 gold pieces.

Inventory:

Missiles
 g - 2 throwing nets
Armour
 a - a +0 robe (worn)
Scrolls
 b - a scroll of magic mapping {unknown}
 c - a scroll of enchant weapon {unknown}
 f - a scroll of teleportation {unknown}
 h - a scroll of torment {unknown}
 i - a scroll of holy word {unknown}
Potions
 d - a potion of degeneration {unknown}
 e - a potion of mutation


   Skills:
 + Level 2.8 Dodging
 + Level 2.9 Stealth
 + Level 3.3 Spellcasting
 + Level 1.6 Conjurations
 + Level 3.2 Air Magic


You had 4 spell levels left.
You knew the following spells:

 Your Spells              Type           Power      Damage    Failure   Level
a - Shock                 Conj/Air       48%        1d6       5%          1
b - Static Discharge      Conj/Air       12%        N/A       9%          2

Your spell library contained the following spells:

 Spells                   Type           Power      Damage    Failure   Level
 Swiftness                Air            15%        N/A       12%         3
 Airstrike                Air            7%         N/A       36%         4


Dungeon Overview and Level Annotations

Branches:
Dungeon (2/15)

Altars:

Shops:
D:1 !


Innate Abilities, Weirdness & Mutations

You are partially covered in large bone plates. (SH +4)
Your body sometimes deteriorates upon taking damage.
Your flesh is heat resistant. (rF+)
Your muscles are strong. (Str +2)


Message History

You don't have enough magic to cast this spell.
Aiming: Shock (safe; 5% risk of failure)
Press: ? - help, Q - select action, (/) - cycle Shift-Dir - straight line, f/p - adder
Aim: an adder (severely wounded, 48% to hit)
The zap hits the adder.
The adder is almost dead.
The adder bites you.
You are poisoned.
The adder poisons you!
You barely miss the adder.
The adder is severely wounded.
You feel sick. The adder barely misses you.
You hit the adder but do no damage.
The adder is severely wounded.
You feel sick. The adder misses you. The adder closely misses you.
You hit the adder.
The adder is almost dead.
You feel sick. The adder closely misses you.
Aiming: Shock (safe; 5% risk of failure)
Press: ? - help, Q - select action, (/) - cycle Shift-Dir - straight line, f/p - adder
Aim: an adder (almost dead, 48% to hit)
The zap misses the adder.
You feel sick.
You are no longer poisoned.
The adder bites you.
* * * LOW HITPOINT WARNING * * *
You hit the adder but do no damage.
The adder is severely wounded.
The adder misses you. The adder closely misses you.
You hit the adder but do no damage.
The adder is severely wounded.
The adder bites you.
* * * LOW HITPOINT WARNING * * *
You are lethally poisoned!
The adder poisons you!
Your magical contamination has completely faded away.
It was a potion of mutation.
You feel extremely strange.
You feel resistant to heat.
You feel yourself wasting away.
You feel stronger.
Large bone plates grow over parts of your arms.
You die...

... .†. ... #.#
#)# #.# ##S##
##.@.## #
##.....##
..######.......##
...>............#
................+
...###..#########
.## #.##PPPP## #
..# #..#PPPPP##
#.#.#


#..'PPPPPP_ You could see an adder.

Vanquished Creatures
  2 bats
  4 endoplasms (D:1)
  3 goblins
  4 hobgoblins
  2 kobolds (D:1)
  3 ball pythons (D:1)
  A frilled lizard (D:2)
  3 rats (D:1)
22 creatures vanquished.

Notes
Turn   | Place    | Note
-------+----------+-------------------------------------------
     0 | D:1      | Woods the Deep Elf Air Elementalist began the quest for the
                  | Orb.
     0 | D:1      | Reached XP level 1. HP: 10/10 MP: 6/6
   674 | D:1      | Reached XP level 2. HP: 15/15 MP: 2/8
   679 | D:1      | Learned a level 2 spell: Static Discharge
   743 | D:1      | Found Qunao's Distillery.
  1588 | D:2      | Found a faded altar of an unknown god.
  1612 | D:2      | Gained mutation: Your flesh is heat resistant. (rF+)
                  | [potion of mutation]
  1612 | D:2      | Gained mutation: Your body sometimes deteriorates upon
                  | taking damage. [potion of mutation]
  1612 | D:2      | Gained mutation: Your muscles are strong. (Str +2) [potion
                  | of mutation]
  1612 | D:2      | Gained mutation: You are partially covered in large bone
                  | plates. (SH +4) [potion of mutation]
  1612 | D:2      | Succumbed to an adder's poison

Illustrated notes

Levels and vault maps discovered:
D:1:      psy_arrival_basics, layout_basic, serial_shops, shop
D:2:      cheibrodos_fertilizer, layout_loops_corners, basic_altar,
          shapermc_ecumenical_altar_flowoftime

Action                   || total
-------------------------++-------
Melee: Unarmed           ||     7
 Cast: Shock             ||    51
  Use: Potion            ||     1
Armor: Robe              ||     2
Dodge: Dodged            ||    12
